 Dungeon Crawl Stone Soup version 0.27.0-1-g7a089689b8 (webtiles) character file.

Game seed: 1554518653625225865

2689 Naeght the Spear-Bearer (level 9, -13/72 HPs)
             Began as a Merfolk Gladiator on Aug 16, 2021.
             Was an Initiate of Okawaru.
             Killed by divine providence
             ... invoked by an orc priest
              (15 damage)
             ... on level 7 of the Dungeon.
             The game lasted 00:10:37 (6334 turns).

Naeght the Spear-Bearer (Merfolk Gladiator)         Turns: 6334, Time: 00:10:40

Health: -13/72     AC:  8    Str: 15    XL:     9   Next: 64%
Magic:  9/9        EV:  9    Int:  8    God:    Okawaru [......]
Gold:   340        SH: 26    Dex: 17    Spells: 2/8 levels left

rFire    . . .     SeeInvis .   a - +0 trident
rCold    . . .     Faith    .   G - +18 shield of the Gong {rElec rN+ Will+ EV-5}
rNeg     + . .     Spirit   .   p - +0 troll leather armour {Purgy}
rPois    +         Reflect  .   c - +0 helmet
rElec    +         Harm     .   j - +0 cloak
rCorr    .         Rampage  .   A - +1 pair of gloves
Will     +....                  (no boots)
Stlth    +.........             (no amulet)
HPRegen  1.22/turn              e - ring of poison resistance
MPRegen  0.11/turn              z - ring of wizardry

@: about to teleport, marked
A: (nimble swimmer 2), mertail
a: Renounce Religion


You were on level 7 of the Dungeon.
You worshipped Okawaru.
Okawaru was noncommittal.
You visited 2 branches of the dungeon, and saw 8 of its levels.
You also visited: Sewer.

You collected 340 gold pieces.

Inventory:

Hand Weapons
 a - a +0 trident (weapon)
Missiles
 d - 2 throwing nets (quivered)
Armour
 c - a +0 helmet (worn)
 j - a +0 cloak (worn)
 p - a +0 troll leather armour (worn) {Purgy}
 A - a +1 pair of gloves (worn)
 G - the +18 shield of the Gong (worn) {rElec rN+ Will+ EV-5}
   (You found it on level 7 of the Dungeon)

   It is deafeningly noisy when blocking attacks.
   EV:        It affects your evasion (-5).
   rElec:     It insulates you from electricity.
   rN:        It protects you from negative energy.
   Will:      It increases your willpower.
Jewellery
 e - a ring of poison resistance (left hand)
 z - a ring of wizardry (right hand)
Wands
 s - a wand of flame (33)
 x - a wand of charming (6)
 E - a wand of acid (10)
Scrolls
 g - 4 scrolls of teleportation
 h - 6 scrolls of identify
 m - 4 scrolls of enchant weapon {unknown}
 o - a scroll of enchant armour {unknown}
 w - a scroll of torment {unknown}
 y - a scroll of fear {unknown}
 B - a scroll of immolation {unknown}
 D - a scroll of holy word {unknown}
 F - a scroll of vulnerability {unknown}
Potions
 b - a potion of mutation {unknown}
 f - 2 potions of cancellation
 i - 2 potions of might {unknown}
 k - 3 potions of heal wounds
 l - a potion of haste {unknown}
 n - a potion of magic {unknown}
 q - a potion of flight {unknown}
 r - 2 potions of lignification {unknown}
 t - a potion of attraction {unknown}
 u - 2 potions of curing
 v - 2 potions of brilliance {unknown}
 C - a potion of invisibility {unknown}


   Skills:
 + Level 7.0 Fighting
 * Level 12.5 Polearms
 - Level 2.0 Throwing
 + Level 2.3 Armour
 + Level 8.9 Dodging
 * Level 2.3 Shields


You had 2 spell levels left.
You knew the following spells:

 Your Spells              Type           Power      Damage    Failure   Level
a - Invisibility          Hex            0%         N/A       100%        6

Your spell library contained the following spells:

 Spells                   Type           Power      Damage    Failure   Level
 Sandblast                Erth           0%         2d4       69%         1
 Blink                    Tloc           N/A        N/A       82%         2
 Passwall                 Tmut/Erth      0%         N/A       82%         2
 Lesser Beckoning         Tloc           0%         N/A       96%         3
 Swiftness                Air            0%         N/A       96%         3
 Lee's Rapid Deconstruct  Erth           0%         3d5*      100%        5
 Manifold Assault         Tloc           0%         N/A       100%        5


Dungeon Overview and Level Annotations

Branches:
Dungeon (7/15)             Temple (1/1) D:6           Sewer (visited)

Altars:
Cheibriados
Elyvilon
Gozag
Hepliaklqana
Kikubaaqudgha
Makhleb
Nemelex Xobeh
Okawaru
Qazlal
Ru
Sif Muna
Trog
Uskayaw
Wu Jian
Yredelemnul
Zin
The Shining One
Beogh

Shops:
D:3 [

Annotations:
D:7 1 transporter


Innate Abilities, Weirdness & Mutations

((You are quick and stealthy near water. (Stealth+, EV+, Speed+++)))
Your lower body shifts to a powerful aquatic tail in water.


Message History

The two-headed ogre hits you with a +0 dire flail!
You block the two-headed ogre's attack.
GONNNNG!
You block the orc warrior's attack.
GONNNNG!
The orc priest looks satisfied for a moment.
You hit the two-headed ogre but do no damage.
The two-headed ogre is lightly wounded.
The orc priest calls down the wrath of Beogh upon you.
Beogh smites you!
* * * LOW HITPOINT WARNING * * *
You block the orc warrior's attack.
GONNNNG!
You feel much better. You block the two-headed ogre's attack.
GONNNNG!
The two-headed ogre hits you with a +0 giant spiked club!
The orc warrior hits you but does no damage.
Unknown command.
You hit the two-headed ogre but do no damage.
The two-headed ogre is lightly wounded.
You block the two-headed ogre's attack.
PTOANNNG!
The two-headed ogre hits you with a +0 giant spiked club!
* * * LOW HITPOINT WARNING * * *
You hit the two-headed ogre.
The two-headed ogre is lightly wounded.
You block the orc warrior's attack.
GONNNNG!
You block the two-headed ogre's attack.
GONNNNG!
The two-headed ogre hits you with a +0 giant spiked club!!
* * * LOW HITPOINT WARNING * * *
As you read the scroll labelled HARYORPH BOCUXT, it crumbles to dust.
You feel strangely unstable.
It was a scroll of teleportation.
You block the orc warrior's attack.
BONNNG!
The orc priest casts a cantrip, but nothing happens.
The orc priest calls down the wrath of Beogh upon you.
Beogh smites you!
You die...

..[....)..##.#.#.#.# #...#####
## ##........##...#...# #...# #.
#........################ #.
#........#######....©.... ####.
#............##...## ##.o #....
#(...........##oo..#.#).oo##.###
#.............#o#..o...[#o#..#
#........###..#O##.8.8.##o#..#
#...###### #.©#@#$.._...#o#©.#
#...# ##.#.##.8.8.##o#.## #.###
#.#o#.......#o#.# #.#
###ooo$#.#..oo### ##.# #ooo##
##... # ##.# ##.........# ####
##.# ######### #..+ ##.#
#.######.## .#.# ###..^.....##


You could see a two-headed ogre, an orc warrior, 5 orc priests and 4 orcs.

Vanquished Creatures
  Pikel (D:6)
  2 vault sentinels (D:6)
  Menkaure (D:7)
  Purgy (Sewer)
  A black bear (D:6)
  2 orc warriors
  A necrophage (D:6)
  2 bullfrogs
  2 scorpions
  A water moccasin skeleton (D:5)
  A howler monkey (D:4)
  A bullfrog zombie (D:7)
  2 centaur zombies
  A hound (D:7)
  2 orc priests
  5 iguanas
  Natasha (twice) (D:3)
  4 orc wizards
  A hound skeleton (D:4)
  4 gnolls (D:5)
  8 adders
  2 ufetubi
  2 adder skeletons (D:4)
  2 worms (D:2)
  2 dart slugs
  17 orcs
  6 ball pythons
  4 bats
  6 endoplasms
  2 giant cockroaches
  4 goblins
  6 hobgoblins
  A quokka (D:2)
  4 frilled lizards (Sewer)
  3 kobolds
  A rat (D:2)
107 creatures vanquished.

Notes
Turn   | Place    | Note
-------+----------+-------------------------------------------
     0 | D:1      | Naeght the Merfolk Gladiator began the quest for the Orb.
     0 | D:1      | Reached XP level 1. HP: 16/16 MP: 1/1
   225 | D:1      | Found a faded altar of an unknown god.
   389 | D:1      | Reached XP level 2. HP: 23/23 MP: 2/2
   779 | D:1      | Reached skill level 5 in Polearms
   964 | D:2      | Reached XP level 3. HP: 26/28 MP: 3/3
  1651 | D:3      | Reached XP level 4. HP: 30/35 MP: 4/4
  1651 | D:3      | Found a glowing drain.
  1662 | Sewer    | Entered a sewer
  1765 | Sewer    | Noticed Purgy
  1778 | Sewer    | Killed Purgy
  1779 | Sewer    | Reached skill level 6 in Polearms
  1779 | Sewer    | Reached skill level 5 in Dodging
  1779 | Sewer    | Reached XP level 5. HP: 22/41 MP: 5/5
  2079 | D:3      | Noticed Natasha
  2085 | D:3      | Killed Natasha
  2086 | D:3      | Reached skill level 7 in Polearms
  2364 | D:3      | Noticed Natasha
  2369 | D:3      | Killed Natasha
  2370 | D:3      | Reached XP level 6. HP: 43/48 MP: 6/6
  2482 | D:3      | Found Pashrefej's Armour Shop.
  2602 | D:4      | Reached skill level 8 in Polearms
  2839 | D:4      | Reached XP level 7. HP: 55/55 MP: 7/7
  3194 | D:5      | Entered Level 5 of the Dungeon
  3530 | D:5      | Reached skill level 9 in Polearms
  3841 | D:5      | Reached skill level 5 in Fighting
  4083 | D:6      | Reached XP level 8. HP: 56/60 MP: 8/8
  4197 | D:6      | Reached skill level 10 in Polearms
  4626 | D:6      | Found a staircase to the Ecumenical Temple.
  4927 | D:7      | Noticed Menkaure
  4934 | D:7      | Reached skill level 11 in Polearms
  4942 | D:7      | Killed Menkaure
  4943 | D:7      | Reached skill level 1 in Armour
  5254 | D:7      | Found a transporter.
  5254 | D:7      | Noticed a two-headed ogre
  5344 | D:7      | Noticed a vault sentinel
  5344 | D:7      | Noticed a vault sentinel
  5370 | D:7      | Noticed Pikel
  5398 | D:6      | Killed Pikel
  5399 | D:6      | Reached skill level 12 in Polearms
  5399 | D:6      | Reached XP level 9. HP: 39/71 MP: 9/9
  5406 | D:6      | Learned a level 6 spell: Invisibility
  5568 | D:7      | Found a transporter.
  5596 | D:7      | Found the +18 shield of the Gong {rElec rN+ Will+ EV-5}
  5874 | Temple   | Entered the Ecumenical Temple
  5911 | Temple   | Became a worshipper of Warmaster Okawaru
  6043 | D:6      | Killed a vault sentinel
  6044 | D:6      | Reached skill level 1 in Shields
  6244 | D:6      | Killed a vault sentinel
  6299 | D:7      | Identified the +9 great mace of Severance {spect, Int+4}
  6333 | D:7      | HP: 1/72 [two-headed ogre (20)]
  6334 | D:7      | Killed from afar by an orc priest

Illustrated notes

Levels and vault maps discovered:
D:1:      mainiacjoe_arrival_reflecting_pool, layout_basic,
          hellmonk_ecumenical_altar_prayer_group
D:2:      layout_rooms, chequers_serial_rivers_micro_b
D:3:      layout_basic, portal_sewer_entry_d, serial_shops, shop, uniq_natasha
D:4:      layout_rooms, dk_vineyard_2
D:5:      layout_gridville, minmay_misc_feat_secret_circle
D:6:      layout_loops_ring, minmay_temple_entry_drinking_statues,
          serial_rivers, chequers_serial_rivers_small_3,
          chequers_serial_rivers_micro_b, chequers_serial_rivers_micro_a,
          chequers_serial_rivers_room_a, chequers_serial_rivers_micro_b,
          chequers_serial_rivers_large_a
D:7:      gammafunk_beogh_shrine, layout_basic, serial_curves, eino_curves_01,
          eino_curves_03, eino_curves_04, eino_curves_01,
          hellmonk_guarded_unrand_gong, uniq_pikel, uniq_menkaure
Temple:   nicolae_temple_the_god_donut

Skill      XL: |  1  2  3  4  5  6  7  8  9 |
---------------+----------------------------+-----
Polearms       | 5 6 7 8 9 12 | 12.5
Fighting       | 3 4 5 6 7 |  7.0
Dodging        | 5 6 7 8 |  8.9
Armour         | 1 2 |  2.3
Shields        | 2 |  2.3
Throwing       | |  2.0

Action                   |  1- 3 |  4- 6 |  7- 9 || total
-------------------------+-------+-------+-------++-------
Melee: Trident           |    86 |   111 |   384 ||   581
Throw: Throwing net      |       |     1 |       ||     1
  Use: Potion            |       |       |     3 ||     3
       Scroll            |       |       |     2 ||     2
 Stab: Sleeping          |     3 |       |     1 ||     4
Armor: Leather armour    |    14 |    14 |       ||    28
       Troll leather arm |       |    22 |    70 ||    92
Dodge: Dodged            |    44 |    83 |   157 ||   284
Block: Kite shield       |       |       |    58 ||    58
